 Dungeon Crawl Stone Soup version 0.32-a0-18-g89e19f1 (webtiles) character file.

Game seed: 11713686602561049943

35 Dorkslayer the Ducker (level 3, -5/26 HPs)
             Began as an Octopode Fighter on Jan 15, 2024.
             Slain by Terence
             ... wielding a +0 flail
              (7 damage)
             ... on level 2 of the Dungeon.
             The game lasted 00:02:52 (814 turns).

Dorkslayer the Ducker (Octopode Fighter)             Turns: 814, Time: 00:02:52

Health: -5/26      AC:  1    Str: 13 (15) XL:     3   Next: 35%
Magic:  3/3        EV: 13    Int:  8 (10) God:
Gold:   42         SH:  4    Dex: 12 (13) Spells: 2/2 levels left

rFire   . . .        h - +2 short sword (drain)
rCold   . . .        b - +0 buckler
rNeg    . . .        (helmet currently unavailable)
rPois   .            (no amulet)
rElec   .            (no ring)
rCorr   .            (no ring)
SInv    .            (no ring)
Will    .....        (no ring)
Stlth   +++          (no ring)
HPRegen 0.24/turn    (no ring)
MPRegen 0.08/turn    (no ring)
                     (no ring)

%: no passive effects
@: beast-form, invisible
A: beast (slay +0), almost no armour, amphibious, 8 rings, camouflage 1,
gelatinous body 1, (nimble swimmer 1), tentacles
a: Begin Untransformation


You were on level 2 of the Dungeon.
You were a hulking beast.
You visited 1 branch of the dungeon, and saw 2 of its levels.

You collected 42 gold pieces.

Inventory:

Hand Weapons
 a - a +0 long sword
 h - a +2 short sword of draining (weapon)
Armour
 b - a +0 buckler (worn)
Talismans
 e - a beast talisman (active)
Scrolls
 g - a scroll of amnesia {unknown}
 i - a scroll of vulnerability {unknown}
Potions
 c - a potion of might
 f - 2 potions of degeneration
 j - a potion of curing {unknown}


   Skills:
 + Level 3.2 Fighting
 + Level 2.1 Long Blades
 * Level 3.3 Dodging
 + Level 1.3 Stealth
 + Level 3.2 Shields
 * Level 1.0 Shapeshifting


You had 2 spell levels left.
You didn't know any spells.
Your spell library was empty.

Dungeon Overview and Level Annotations

Branches:
Dungeon (2/15)

Altars:

Annotations:
D:2 Terence


Innate Abilities, Weirdness & Mutations

You are a hulking beast.
Your limbs bulge with bestial killing power. (Slay +0)
You cannot wear most types of armour.
You are amphibious.
You can wear up to eight rings at the same time.
Your skin changes colour to match your surroundings (Stealth+).
Your rubbery body absorbs attacks. (AC +1, EV +1)
((You are camouflaged when in or above water. (Stealth+)))
You have tentacles for arms and can constrict up to eight enemies at once.


Message History

The adder completely misses you.
You hit the adder but do no damage.
The adder is severely wounded.
You constrict the adder. The adder closely misses you.
You barely miss the adder. You squeeze the adder.
You kill the adder!
Your Shapeshifting skill increases to level 1!
The bat hits you but does no damage. The bat hits you.
You hit the bat.
You kill the bat!
Terence the Incautious comes into view.
He is wielding a +0 flail and wearing a +2 scale mail of willpower.
Found a ring mail.
You see here a bubbling brown potion.
You see here a bubbling brown potion.
j - a bubbling brown potion Terence is nearby!
You begin transforming.
You continue transforming.
Terence shouts!
You continue transforming. x2
You turn into a hulking beast.
You hit Terence. You grab Terence.
Terence is lightly wounded.
You constrict Terence, but do no damage.
Terence hits you with a +0 flail!
Ouch! That really hurt!
You hit Terence but do no damage.
Terence is lightly wounded.
You constrict Terence, but do no damage.
Terence hits you with a +0 flail!
* * * LOW HITPOINT WARNING * * *
It was a potion of degeneration.
There was something very wrong with that liquid.
You feel weakened.
You feel dopey.
You feel clumsy.
You constrict Terence. Terence closely misses you.
It was a potion of invisibility.
You fade into invisibility!
You constrict Terence, but do no damage.
Terence hits you with a +0 flail!
You die...
Terence says, "That felt goooood."

#.# #.. .# #.# #.. ..####
..# ..## ..... #.###
#.#####...### ......
#...........
..###.###....##.#.## #
.............##....#.#
..#####...#..........####
....##.###...##.h@.......
..#.#†## ##..##......####
......# #............[.
..#.#.## #..#######.####
.......# #...# .#
..#.#<#...##.. #
#.....##.##### ....### .#
.#### #


You could see Terence (unable to see you).

Vanquished Creatures
  An adder (D:2)
  A dart slug (D:2)
  3 hobgoblins
  2 quokkas (D:1)
  A ball python (D:1)
  5 bats
  3 frilled lizards (D:1)
  3 goblins
  3 kobolds (D:1)
  3 rats (D:1)
  2 butterflies (D:1)
27 creatures vanquished.

Notes
Turn   | Place    | Note
-------+----------+-------------------------------------------
     0 | D:1      | Dorkslayer the Octopode Fighter began the quest for the
                  | Orb.
     0 | D:1      | Reached XP level 1. HP: 16/16 MP: 1/1
   222 | D:1      | Reached XP level 2. HP: 21/21 MP: 2/2
   603 | D:1      | Reached skill level 1 in Stealth
   743 | D:2      | Reached XP level 3. HP: 17/26 MP: 3/3
   790 | D:2      | Reached skill level 1 in Shapeshifting
   800 | D:2      | Noticed Terence
   814 | D:2      | Slain by Terence

Illustrated notes

Levels and vault maps discovered:
D:1:      spicycebolla_arrival_clurvy, layout_basic
D:2:      layout_loops_ring, shapermc_ecumenical_altar_acropolis, basic_altar,
          uniq_sigmund, uniq_terence

Skill      XL: |  1  2  3 |
---------------+----------+-----
Stealth        | 1 |  1.3
Shapeshifting  | 1 |  1.0
Fighting       | |  3.2
Long Blades    | |  2.1
Dodging        | |  3.3
Shields        | |  3.2

Action                     || total
---------------------------++-------
  Melee: Long sword        ||    32
         Constrict         ||    15
         Tentacles         ||     5
         Short sword       ||    14
    Use: Potion            ||     2
   Stab: Sleeping          ||     9
 Armour: Skin              ||    16
  Dodge: Dodged            ||    28
  Block: Buckler           ||    12
   Form: Beast             ||     1

Table legend: (Time is in decaauts)
 A = Elapsed time spent in this place.
 B = Non-inter-level travel time spent in this place.
 C = Inter-level travel time spent in this place.
 D = Time resting spent in this place.
 E = Time spent auto-exploring this place.
 F = Levels seen in this place.
 G = Mean time per level.
                   A        B        C        D        E       F      G
               +--------+--------+--------+--------+--------+-----+--------+
         Total |    823 |    823 |      0 |      0 |    453 |   2 |  411.5 |
       Dungeon |    823 |    823 |      0 |      0 |    453 |   2 |  411.5 |
               +--------+--------+--------+--------+--------+-----+--------+

Top non-repeatable levels by time:
     D:1: 731 daAuts
     D:2: 92 daAuts
